 Dungeon Crawl Stone Soup version 0.13-a0-2519-g3c5fe84 (webtiles) character file.

748 JacquesDerrida the Ruinous (level 7, -7/36 HPs)
             Began as a Tengu Air Elementalist on July 25, 2013.
             Killed from afar by an orc wizard (9 damage)
             ... with a puff of flame
             ... on Level 4 of the Dungeon.
             The game lasted 00:14:07 (4766 turns).

JacquesDerrida the Ruinous (Tengu Air Elementalist) Turns: 4766, Time: 00:14:07

HP  -7/36        AC  3     Str 10      XL: 7   Next: 36%
MP   9/19        EV 11     Int 16      God:
Gold 167         SH  0     Dex 14      Spells:  4 memorised,  6 levels left

Res.Fire  : . . .   See Invis. : .   s - +0 blowgun
Res.Cold  : . . .   Warding    : .   w - +0 leather armour
Life Prot.: . . .   Conserve   : .   (no shield)
Res.Poison: .       Res.Corr.  : .   (helmet restricted)
Res.Elec. : .       Clarity    : .   (no cloak)
Sust.Abil.: . .     Spirit.Shd : .   (no gloves)
Res.Mut.  : .       Stasis     : .   (boots unavailable)
Res.Rott. : .       Flight     : .   (no amulet)
Saprovore : . . .                    (no ring)
                                     (no ring)

@: repel missiles, slightly resistant to hostile enchantments, fairly stealthy
A: able to fly, beak, talons 3
a: Fly


You were on level 4 of the Dungeon.
You were not hungry.

You visited 1 branch of the dungeon, and saw 4 of its levels.

You collected 147 gold pieces.

Inventory:

Hand weapons
 p - a +1,+0 elven scimitar
 s - a +0 blowgun (weapon)
 y - a +3,+1 dwarven dagger of speed
Missiles
 t - 17 poisoned needles (quivered)
Armour
 a - a +0 robe
 w - a +0 leather armour (worn)
Magical devices
 v - a wand of slowing (7) {unknown}
Comestibles
 c - 3 bread rations
 n - a meat ration
 D - 2 rotting chunks of gnoll flesh
Scrolls
 f - 3 scrolls of remove curse
 g - 2 scrolls of teleportation {unknown}
 j - a scroll of curse jewellery {unknown}
 l - a scroll of enchant weapon I {unknown}
 m - 2 scrolls of enchant armour {unknown}
 q - 3 scrolls of curse armour {unknown}
 r - 4 scrolls of identify
 u - a scroll of curse weapon {unknown}
 x - a scroll of fear {unknown}
 z - 2 scrolls of random uselessness {unknown}
 B - a scroll of enchant weapon II {unknown}
Potions
 d - a potion of flight {unknown}
 e - 3 potions of restore abilities
 h - a potion of invisibility {unknown}
 i - a potion of curing {unknown}
 k - a potion of agility {unknown}
 o - a potion of speed {unknown}
Books
 b - a book of Air

   Spells                             Type                      Level
   *Shock                             Conjuration/Air              1
   *Swiftness                         Charms/Air                   2
   *Repel Missiles                    Charms/Air                   2
   Flight                             Charms/Air                   3
   Static Discharge                   Conjuration/Air              3
   *Lightning Bolt                    Conjuration/Air              5


   Skills:
 - Level 2.1 Dodging
 - Level 2.0 Stealth
 + Level 5.3 Spellcasting
 - Level 6.0 Conjurations
 + Level 4.6 Air Magic


You had 6 spell levels left.
You knew the following spells:

 Your Spells              Type           Power        Failure   Level  Hunger
a - Shock                 Conj/Air       ###.         1%          1    None
b - Repel Missiles        Chrm/Air       ##........   10%         2    #......
c - Swiftness             Chrm/Air       ##........   10%         2    #......
d - Lightning Bolt        Conj/Air       ###.......   50%         5    #####..


Dungeon Overview and Level Annotations

Branches:
Dungeon (4/27)
 Temple: D:4-7

Altars:

Shops:
D:4: (+(=


Innate Abilities, Weirdness & Mutations

You can fly.
You have a beak for a mouth.
You have claws for feet.


Message History

Confirm with . or Enter, or press ? or * to list all spells.
Aiming: Shock
Press: ? - help, Shift-Dir - straight line It hits you.
* * * LOW HITPOINT WARNING * * *
Drink which item? (? for menu, Esc to quit)
Okay, then.
Read which item? (? for menu, Esc to quit)
Okay, then.
Casting: Shock
Confirm with . or Enter, or press ? or * to list all spells.
You feel protected from missiles. It completely misses you.
Casting: Repel Missiles
Confirm with . or Enter, or press ? or * to list all spells.
Aiming: Shock
Press: ? - help, Shift-Dir - straight line The zap hits something.
You hear some strange, mumbled words.
The puff of flame hits you!
You die...

..........##....
......#.#..#.###
...####.##.#.# .#∩#
#.##.#.# .#.# #......#
.#.# ####.### ...# #)#
..∩# #.######## ##.#
#).)...@.#
...##############[#####...
.........# #....).)#
...#####.# #########
...#####.####
...##.......#
..###.##.##.# ###
#.##.##.# # #.##.##.#


There were no monsters in sight!

Vanquished Creatures
  An ogre (D:4)
  A hound (D:3)
  2 orc priests (D:3)
  3 orc wizards (D:4)
  A centaur skeleton (D:4)
  3 worker ants (D:4)
  7 gnolls (D:4)
  5 adders
  A giant mite (D:1)
  An inept feature mimic (D:2)
  An iguana zombie (D:4)
  A worm (D:4)
  An ooze (D:3)
  10 orcs
  A bat skeleton (D:3)
  6 giant cockroaches
  10 goblins
  10 hobgoblins
  2 jackals (D:4)
  9 kobolds
  2 quokkas (D:3)
  2 ball pythons
  6 bats
  A giant gecko (D:4)
  6 giant newts
  9 rats
  A rat skeleton (D:4)
103 creatures vanquished.

Notes
Turn   | Place    | Note
--------------------------------------------------------------
     0 | D:1      | JacquesDerrida, the Tengu Air Elementalist, began the quest for the Orb.
     0 | D:1      | Reached XP level 1. HP: 10/10 MP: 3/3
   403 | D:1      | Reached XP level 2. HP: 13/15 MP: 5/5
   826 | D:1      | Reached XP level 3. HP: 19/19 MP: 2/7
  1388 | D:2      | Learned a level 2 spell: Repel Missiles
  1391 | D:2      | Learned a level 2 spell: Swiftness
  2173 | D:2      | Reached XP level 4. HP: 24/24 MP: 3/9
  2804 | D:3      | Reached XP level 5. HP: 26/28 MP: 6/13
  3712 | D:4      | Found Craogayr's Weapon Shoppe.
  3736 | D:4      | Found Ghiutil's Jewellery Boutique.
  3748 | D:4      | Reached XP level 6. HP: 32/32 MP: 11/16
  3754 | D:4      | Found Lafonao's Antique Weapon Boutique.
  3836 | D:4      | Noticed an ogre
  3844 | D:4      | Killed an ogre
  3844 | D:4      | Reached skill level 5 in Conjurations
  4231 | D:4      | Learned a level 5 spell: Lightning Bolt
  4243 | D:4      | Found Karan's Book Boutique.
  4480 | D:4      | Reached XP level 7. HP: 27/36 MP: 14/18
  4480 | D:4      | Reached skill level 5 in Spellcasting
  4584 | D:4      | Reached skill level 6 in Conjurations
  4766 | D:4      | Killed from afar by an orc wizard

Action                   |  1- 3 |  4- 6 |  7- 9 || total
-------------------------+-------+-------+-------++-------
Melee: Unarmed           |    10 |       |       ||    10
       Scimitar          |       |     5 |       ||     5
       Blowgun           |       |       |     1 ||     1
 Fire: Blowgun           |       |     3 |     2 ||     5
 Cast: Shock             |    71 |   142 |    45 ||   258
       Repel Missiles    |       |       |     1 ||     1
Evoke: Wand              |       |     1 |       ||     1
  Use: Potion            |       |     2 |       ||     2
       Scroll            |       |       |     2 ||     2
